 Dungeon Crawl Stone Soup version 0.31.0-32-g396128a36d (webtiles) character file.

Game seed: 17350750141075343707

12100 Silvore the Basher (level 11, -3/101 HPs)
             Began as a Minotaur Fighter on Mar 16, 2024.
             Was a Believer of the Shining One.
             Slain by a large abomination (23 damage)
             ... on level 10 of the Dungeon.
             The game lasted 00:13:01 (11393 turns).

Silvore the Basher (Minotaur Fighter)              Turns: 11393, Time: 00:13:01

Health: -3/101     AC: 18    Str: 31    XL:     11   Next: 58%
Magic:  10/10      EV: 10    Int:  5    God:    the Shining One [**....]
Gold:   514        SH: 14    Dex: 16    Spells: 10/10 levels left

rFire   . . .        n - +1 mace
rCold   . . .        c - +2 buckler
rNeg    + . .        H - +0 plate armour
rPois   .            (helmet restricted)
rElec   .            x - +0 cloak
rCorr   .            o - +0 pair of gloves
SInv    .            (no boots)
Will    .....        (no amulet) Stlth
                     k - +6 ring of strength
HPRegen 0.36/turn    C - +6 ring of dexterity
MPRegen 0.12/turn

%: no passive effects
@: divinely shielded, glowing
A: horns 2, retaliatory headbutt
a: Renounce Religion, Divine Shield


You were on level 10 of the Dungeon.
You worshipped the Shining One.
The Shining One was pleased with you.
You visited 1 branch of the dungeon, and saw 10 of its levels.
You also visited: Sewer and Ossuary.

You collected 574 gold pieces.
You spent 60 gold pieces at shops.

Inventory:

Hand Weapons
 n - a +1 mace (weapon)
Missiles
 I - a throwing net (quivered)
Armour
 c - a +2 buckler (worn)
 o - a +0 pair of gloves (worn)
 x - a +0 cloak (worn)
 H - a +0 plate armour (worn)
Jewellery
 k - a +6 ring of strength (left hand)
 C - a +6 ring of dexterity (right hand)
Wands
 a - a wand of mindburst (3)
 b - a wand of polymorph (5)
 J - a wand of acid (15)
Scrolls
 d - 3 scrolls of identify
 g - a scroll of brand weapon {unknown}
 p - 5 scrolls of teleportation
 r - 2 scrolls of immolation
 y - 3 scrolls of fog
 z - 2 scrolls of fear
 D - a scroll of revelation
 G - a scroll of blinking
Potions
 e - 2 potions of resistance
 f - a potion of attraction
 h - 2 potions of lignification
 q - 4 potions of haste
 s - 4 potions of brilliance
 t - a potion of enlightenment
 u - 3 potions of invisibility
 v - a potion of magic
 w - 2 potions of mutation {unknown}
 B - a potion of berserk rage {unknown}
 E - 3 potions of cancellation


   Skills:
 + Level 10.3 Fighting
 + Level 13.6 Maces & Flails
 + Level 11.6 Armour
 + Level 4.3 Dodging
 + Level 1.1 Stealth
 + Level 9.1 Shields
 + Level 1.5 Unarmed Combat


You had 10 spell levels left.
You didn't know any spells.
Your spell library contained the following spells:

 Spells                   Type           Power      Damage    Failure   Level
 Freeze                   Ice            0%         1d3       98%         1
 Necrotise                Necr           0%         1d4       98%         1
 Blink                    Tloc           0%         N/A       99%         2
 Ensorcelled Hibernation  Hex/Ice        0%         N/A       99%         2
 Lesser Beckoning         Tloc           0%         N/A       99%         2
 Momentum Strike          Conj/Tloc      0%         3d8       99%         2
 Frozen Ramparts          Ice            0%         1d1       100%        3
 Hailstorm                Conj/Ice       0%         3d5       100%        3
 Passwall                 Erth           0%         N/A       100%        3
 Swiftness                Air            0%         N/A       100%        3
 Vampiric Draining        Necr           0%         2d6       100%        3
 Martyr's Knell           Necr/Summ      0%         N/A       100%        4
 Vhi's Electric Charge    Tloc/Air       0%         N/A       100%        4
 Arcjolt                  Conj/Air       0%         1d10      100%        5
 Curse of Agony           Necr           0%         N/A       100%        5
 Maxwell's Capacitive Co  Air            0%         ∞         100%        8


Dungeon Overview and Level Annotations

Branches:
Dungeon (10/15)            Temple (0/1) D:7            Lair (0/5) D:9
    Orc (0/2) D:10          Sewer (visited)         Ossuary (visited)

Altars:
Ashenzari
Cheibriados
Hepliaklqana
Makhleb
Nemelex Xobeh
Sif Muna
Trog
Xom
The Shining One

Shops:
D:4 :(=?

Annotations:
D:3 2 transporters, Consumeair16's ghost, amateur MfGl


Innate Abilities, Weirdness & Mutations

You have a pair of horns on your head.
You reflexively headbutt those who attack you in melee.


Message History

* * * LOW HITPOINT WARNING * * *
You sock the large abomination!
You destroy the large abomination!
The Shining One accepts your kill.
You feel better.
You feel your power returning.
You sock the small abomination!
The small abomination is heavily damaged.
You block the small abomination's attack.
You barely miss the small abomination. You headbutt the small abomination.
The small abomination is severely damaged.
The small abomination hits you!
* * * LOW HITPOINT WARNING * * *
You hit the small abomination but do no damage.
You headbutt the small abomination, but do no damage.
The small abomination is severely damaged.
The small abomination hits you.
* * * LOW HITPOINT WARNING * * *
You sock the small abomination!
You destroy the small abomination!
The Shining One accepts your kill.
You feel better.
You sock the small abomination!
You headbutt the small abomination, but do no damage.
The small abomination is moderately damaged.
The small abomination closely misses you.
You sock the small abomination! You headbutt the small abomination.
You destroy the small abomination!
The Shining One accepts your kill.
You hit the large abomination but do no damage.
The large abomination hits you but does no damage.
You hit the large abomination. You headbutt the large abomination.
The large abomination is lightly damaged.
You hit the large abomination but do no damage.
You headbutt the large abomination!
The large abomination is moderately damaged.
You block the large abomination's attack.
You sock the large abomination!
The large abomination is heavily damaged.
The large abomination hits you!!
You die...

######## #......###
######'####...#
#...)....####.#####
#........# #.##...
#........# #......
#.@......# ##.....
##X####### ##......


xXX ##....... #.x.. ##........ #....# #......... ###### ###.........
##........... ##............ ##............. You could see 3 large abominations
and 2 small abominations.

Vanquished Creatures
  Fannar (D:10)
  2 two-headed ogres (D:9)
  Nergalle (D:10)
  An arcanist (D:10)
  Pikel (D:8)
  2 large abominations (D:10)
  A rime drake (D:9)
  A komodo dragon (D:10)
  2 hornets
  A troll (D:10)
  Grinder (D:3)
  Prince Ribbit (D:9)
  A wyvern (D:9)
  3 yaks (D:8)
  2 steam dragons
  Menkaure (D:6)
  2 acid dragons
  A water moccasin (D:6)
  4 ice beasts
  A black bear (D:5)
  2 sky beasts
  5 small abominations (D:10)
  3 wolves
  An ogre (D:6)
  3 centaurs
  2 lemures (D:8)
  5 kobold brigands
  A bullfrog (D:8)
  3 scorpions
  4 wights (D:6)
  9 water moccasin zombies (Ossuary)
  A burial acolyte (Ossuary)
  20 killer bees
  3 howler monkeys
  2 bombardier beetles
  3 hounds (D:6)
  6 jellies
  3 orc priests
  A spectral scorpion (Ossuary)
  2 iguanas
  A sleepcap (D:7)
  Terence (D:3)
  10 orc wizards
  2 crocodile zombies (Ossuary)
  2 mummies (Ossuary)
  4 gnolls
  A river rat (Sewer)
  9 adders
  A shadow imp (D:6)
  2 ufetubi (D:7)
  2 adder zombies (Ossuary)
  2 dart slugs
  6 ribbon worms
  38 orcs
  6 bats
  15 endoplasms
  11 giant cockroaches
  3 goblins
  5 hobgoblins
  2 jackals (D:2)
  4 quokkas (D:1)
  12 ball pythons
  3 frilled lizards
  15 gnoll zombies (Ossuary)
  2 jackal zombies (Ossuary)
  33 kobolds
  2 orc zombies (Ossuary)
  8 rats
311 creatures vanquished.

Vanquished Creatures (others)
  A quokka (D:3)
1 creature vanquished.

Grand Total: 312 creatures vanquished

Notes
Turn   | Place    | Note
-------+----------+-------------------------------------------
     0 | D:1      | Silvore the Minotaur Fighter began the quest for the Orb.
     0 | D:1      | Reached XP level 1. HP: 19/19 MP: 0/0
   183 | D:1      | Reached XP level 2. HP: 17/27 MP: 1/1
   393 | D:1      | Reached XP level 3. HP: 26/33 MP: 2/2
  1337 | D:2      | Reached skill level 3 in Maces & Flails
  1493 | D:2      | Reached XP level 4. HP: 41/41 MP: 3/3
  1722 | D:3      | Found a transporter.
  1725 | D:3      | Noticed Consumeair16's ghost (amateur MfGl)
  1726 | D:3      | Found a transporter.
  1850 | D:3      | Noticed Grinder
  1857 | D:3      | Paralysed by Grinder for 3 turns
  1860 | D:3      | Killed Grinder
  1861 | D:3      | Reached skill level 4 in Maces & Flails
  1861 | D:3      | Reached skill level 5 in Armour
  1861 | D:3      | Reached skill level 1 in Dodging
  1861 | D:3      | Reached XP level 5. HP: 24/47 MP: 4/4
  1861 | D:3      | Reached XP level 6. HP: 28/55 MP: 5/5
  2074 | D:3      | Noticed Terence
  2080 | D:3      | Killed Terence
  2081 | D:3      | Reached skill level 5 in Fighting
  2228 | D:3      | Reached skill level 5 in Maces & Flails
  2349 | D:4      | Found a hazy altar of Hepliaklqana.
  2426 | D:4      | Found a bloodstained altar of Trog.
  2888 | D:4      | Reached skill level 6 in Maces & Flails
  2888 | D:4      | Reached XP level 7. HP: 52/61 MP: 6/6
  2914 | D:4      | Found a glowing drain.
  2944 | Sewer    | Entered a sewer
  3242 | Sewer    | Found a viscous altar of Jiyva.
  3568 | D:4      | Found Plog's Book Shoppe.
  3572 | D:4      | Found Resimamm's Jewellery Shoppe.
  3572 | D:4      | Found Jaracy's Antique Weapon Shoppe.
  3624 | D:4      | Found Duur's Magic Scroll Shoppe.
  3643 | D:4      | Bought a scroll of identify for 20 gold pieces
  3643 | D:4      | Bought a scroll of identify for 20 gold pieces
  3643 | D:4      | Bought a scroll of identify for 20 gold pieces
  3669 | D:5      | Entered Level 5 of the Dungeon
  3855 | D:5      | Found a sand-covered staircase.
  3869 | Ossuary  | Entered an ossuary
  3912 | Ossuary  | Reached skill level 7 in Maces & Flails
  3954 | Ossuary  | Reached XP level 8. HP: 59/70 MP: 7/7
  4010 | Ossuary  | Reached skill level 8 in Maces & Flails
  4169 | Ossuary  | Reached skill level 5 in Shields
  4413 | D:5      | Reached skill level 9 in Maces & Flails
  4559 | D:5      | Identified the +7 sling "Ceiff" {freeze, Int+3}
  4686 | D:5      | Found a glowing golden altar of the Shining One.
  4852 | D:5      | Became a worshipper of the Shining One
  5415 | D:6      | Found a shimmering blue altar of Sif Muna.
  5924 | D:6      | Reached XP level 9. HP: 58/77 MP: 8/8
  6109 | D:6      | Found a burning altar of Makhleb.
  6206 | D:6      | Noticed Menkaure
  6211 | D:6      | Killed Menkaure
  6212 | D:6      | Reached skill level 1 in Stealth
  6354 | D:6      | Reached skill level 10 in Maces & Flails
  6752 | D:6      | Reached * piety under the Shining One
  7177 | D:7      | Found a staircase to the Ecumenical Temple.
  7269 | D:7      | Found a snail-covered altar of Cheibriados.
  7269 | D:7      | Found a sparkling altar of Nemelex Xobeh.
  7319 | D:7      | Found a broken altar of Ashenzari.
  7562 | D:7      | Reached skill level 11 in Maces & Flails
  8073 | D:8      | Reached XP level 10. HP: 81/88 MP: 9/9
  8407 | D:8      | Noticed Pikel
  8438 | D:8      | Killed Pikel
  8550 | D:8      | Noticed a six-headed hydra
  8550 | D:8      | Noticed a two-headed ogre
  8551 | D:8      | Noticed a two-headed ogre
  8553 | D:8      | Noticed a manticore
  8881 | D:9      | Reached skill level 12 in Maces & Flails
  9141 | D:9      | Found a staircase to the Lair.
  9141 | D:9      | Noticed a two-headed ogre
  9144 | D:9      | Noticed Prince Ribbit
  9173 | D:9      | Killed a two-headed ogre
  9174 | D:9      | Reached skill level 10 in Armour
  9242 | D:9      | Killed Prince Ribbit
  9696 | D:9      | Noticed a two-headed ogre
  9706 | D:9      | Killed a two-headed ogre
  9939 | D:9      | Reached XP level 11. HP: 73/97 MP: 10/10
 10207 | D:9      | Paralysed by a hornet for 2 turns
 10581 | D:10     | Entered Level 10 of the Dungeon
 10584 | D:10     | Noticed Nergalle
 10606 | D:10     | Killed Nergalle
 10649 | D:10     | Reached skill level 13 in Maces & Flails
 10651 | D:10     | Noticed Fannar
 10651 | D:10     | Reached ** piety under the Shining One
 10668 | D:10     | Killed Fannar
 11088 | D:10     | Found a shimmering altar of Xom.
 11212 | D:10     | Found a staircase to the Orcish Mines.
 11340 | D:10     | Noticed an arcanist
 11344 | D:10     | Killed an arcanist
 11345 | D:10     | Reached skill level 10 in Fighting
 11351 | D:10     | Noticed a large abomination
 11351 | D:10     | Noticed a large abomination
 11364 | D:10     | Reached skill level 1 in Unarmed Combat
 11372 | D:10     | Killed a large abomination
 11393 | D:10     | Slain by a large abomination

Illustrated notes

Levels and vault maps discovered:
D:1:      amcnicky_arrival_gap_in_the_tavern_cellar, layout_loops_ring
D:2:      layout_loops_corners
D:3:      layout_rooms, gammafunk_ghost_mausoleum, uniq_terence, uniq_grinder
D:4:      minmay_octagon_keep, layout_basic, mainiacjoe_overflow_alcove_1,
          lemuel_crystal_altar, cheibrodos_sewer_entry_bend,
          minmay_shop_grid_forest
D:5:      layout_loops_corners, nicolae_tso_carved_into_rock,
          nicolae_ossuary_entry_ruins, kennysheep_generic_room_6
D:6:      layout_basic, hellmonk_sif_muna_bookshelves, lemuel_doored_altar,
          uniq_menkaure
D:7:      layout_rooms, mainiacjoe_overflow_alcove_4,
          amethyst_overflow_temple_binary, minmay_temple_entry_junction
D:8:      layout_loops_ring, minivault_12, uniq_pikel
D:9:      layout_basic, hellmonk_lair_entry_icy, uniq_prince_ribbit1
D:10:     layout_big_octagon, lemuel_coloured_pillars_altar, orc_0_dummy,
          laboratory, uniq_nergalle, uniq_fannar

Skill      XL: |  1  2  3  4  5  6  7  8  9 10 11 |
---------------+----------------------------------+-----
Armour         | 4 5 6 7 9 10 11 | 11.6
Fighting       | 4 5 6 8 9 10 | 10.3
Shields        | 4 5 6 8 9 |  9.1
Maces & Flails | 3 4 6 7 9 11 12 13 | 13.6
Dodging        | 1 2 3 4 |  4.3
Stealth        | 1 |  1.1
Unarmed Combat | 1 |  1.5

Action                     |  1- 3 |  4- 6 |  7- 9 | 10-12 || total
---------------------------+-------+-------+-------+-------++-------
  Melee: Flail             |   106 |     4 |       |       ||   110
         Headbutt          |    18 |    26 |    99 |    83 ||   226
         Mace              |       |    95 |   414 |   295 ||   804
         Unarmed           |       |       |       |    17 ||    17
 Invoke: Divine Shield     |       |       |       |     1 ||     1
    Use: Scroll            |     5 |     6 |    11 |     4 ||    26
         Potion            |       |     1 |       |     8 ||     9
 Armour: Scale mail        |    98 |    73 |   138 |       ||   309
         Chain mail        |       |       |   106 |       ||   106
         Plate armour      |       |       |    15 |   289 ||   304
         Skin              |       |       |       |     5 ||     5
  Dodge: Dodged            |    65 |    53 |   183 |   177 ||   478
  Block: Buckler           |    28 |    13 |    95 |   147 ||   283
